 Dungeon Crawl Stone Soup version 0.30-a0-760-g5a9884bb7c (webtiles) character file.

Game seed: 11990596434934150304

1024 kingofthe the Sneak (level 8, -7/46 HPs)
             Began as an Octopode Fire Elementalist on Feb 11, 2023.
             Was an Initiate of Sif Muna.
             Mangled by Maggie
             ... wielding a +0 scimitar of flaming
              (17 damage)
             ... on level 6 of the Dungeon.
             The game lasted 00:16:04 (6811 turns).

kingofthe the Sneak (Octopode Fire Elementalist)    Turns: 6811, Time: 00:16:05

Health: -7/46      AC:  1    Str: 10    XL:     8   Next: 22%
Magic:  0/13       EV: 16    Int: 17    God:    Sif Muna [......]
Gold:   361        SH:  0    Dex: 17    Spells: 8/14 levels left

rFire   + . .      SeeInvis .    x - +2 dagger (freeze)
rCold   . . .      Faith    .    (no shield)
rNeg    + . .      Spirit   +    (helmet restricted)
rPois   .          Reflect  .    u - amulet of guardian spirit
rElec   .          Harm     .    n - ring of positive energy
rCorr   .          Rampage  .    D - ring "Wuelouv" {Wiz rF+ Str+3 Dex+2}
Will    .....                    (no ring)
Stlth   ++++                     (no ring)
HPRegen 0.27/turn                (no ring)
MPRegen 0.13/turn                (no ring)
                                 (no ring)
                                 (no ring)

@: mesmerised
A: almost no armour, amphibious, 8 rings, camouflage 1, gelatinous body 1,
(nimble swimmer 1), tentacles
a: Renounce Religion


You were on level 6 of the Dungeon.
You worshipped Sif Muna.
Sif Muna was noncommittal.
You visited 2 branches of the dungeon, and saw 7 of its levels.

You collected 431 gold pieces.
You spent 70 gold pieces at shops.

Inventory:

Hand Weapons
 x - a +2 dagger of freezing (weapon)
Magical Staves
 f - a staff of cold
Jewellery
 j - an amulet of faith
 n - a ring of positive energy (left tentacle)
 u - an amulet of guardian spirit (around mantle)
 C - a ring of ice
 D - the ring "Wuelouv" (right tentacle) {Wiz rF+ Str+3 Dex+2}
   (You found it on level 5 of the Dungeon)

   [ring of wizardry]

   It improves your spell success rate.
   Str:       It affects your strength (+3).
   Dex:       It affects your dexterity (+2).
   rF:        It protects you from fire.
Wands
 v - a wand of mindburst (11)
 B - a wand of charming (4)
 F - a wand of flame (2)
 H - a wand of polymorph (14)
Scrolls
 h - 2 scrolls of amnesia {unknown}
 i - 5 scrolls of blinking {unknown}
 k - 2 scrolls of butterflies {unknown}
 l - 2 scrolls of brand weapon {unknown}
 m - 2 scrolls of enchant armour {unknown}
 o - a scroll of fog {unknown}
 p - 3 scrolls of immolation {unknown}
 r - 4 scrolls of identify {unknown}
 w - a scroll of poison {unknown}
 y - a scroll of torment {unknown}
 z - 3 scrolls of teleportation {unknown}
 E - a scroll of fear {unknown}
Potions
 a - 3 potions of magic
 b - 5 potions of curing {unknown}
 c - a potion of attraction {unknown}
 d - a potion of berserk rage {unknown}
 e - 2 potions of invisibility {unknown}
 g - 2 potions of heal wounds
 q - a potion of ambrosia {unknown}
 s - a potion of flight {unknown}
 t - a potion of might {unknown}
 A - a potion of brilliance {unknown}
 G - a potion of degeneration {unknown}


   Skills:
 + Level 5.4 Dodging
 + Level 6.0 Stealth
 + Level 3.9 Spellcasting
 - Level 3.1 Conjurations
 + Level 1.9 Hexes
 + Level 4.9 Fire Magic


You had 8 spell levels left.
You knew the following spells:

 Your Spells              Type           Power      Damage    Failure   Level
a - Foxfire               Conj/Fire      68%        2x1d7     1%          1
b - Scorch                Fire           40%        2d7       1%          2
c - Slow                  Hex            36%        N/A       3%          1
d - Poisonous Vapours     Pois/Air       6%         N/A       10%         2

Your spell library contained the following spells:

 Spells                   Type           Power      Damage    Failure   Level
 Kiss of Death            Conj/Necr      32%        2d7       3%          1
 Inner Flame              Hex/Fire       14%        N/A       4%          3
 Apportation              Tloc           6%         N/A       6%          1
 Confusing Touch          Hex            9%         N/A       9%          3
 Cigotuvi's Dreadful Rot  Necr/Pois/Air  6%         N/A       10%         2
 Lesser Beckoning         Tloc           6%         N/A       10%         2
 Sublimation of Blood     Necr           3%         N/A       10%         2
 Wereblood                Tmut           3%         N/A       10%         2
 Kindle Blastsparks       Fire/Tloc/Air  16%        2d11      10%         3
 Mephitic Cloud           Conj/Pois/Air  6%         N/A       12%         3
 Flame Wave               Conj/Fire      17%        2d7       12%         4
 Frozen Ramparts          Ice            6%         1d1       19%         3
 Gell's Gravitas          Tloc           3%         N/A       19%         3
 Vampiric Draining        Necr           3%         2d6       19%         3
 Dispel Undead            Necr           3%         3d7       52%         4
 Ice Form                 Ice/Tmut       3%         N/A       52%         4
 Summon Ice Beast         Ice/Summ       3%         N/A       52%         4
 Summon Hydra             Summ           1%         N/A       100%        7


Dungeon Overview and Level Annotations

Branches:
Dungeon (6/15)             Temple (1/1) D:5

Altars:
Ashenzari
Cheibriados
Dithmenos
Elyvilon
Hepliaklqana
Makhleb
Nemelex Xobeh
Okawaru
Qazlal
Ru
Sif Muna
Trog
Uskayaw
Vehumet
Yredelemnul
Zin
The Shining One

Shops:
D:1 !

Annotations:
D:6 Maggie


Innate Abilities, Weirdness & Mutations

You cannot wear most types of armour.
You are amphibious.
You can wear up to eight rings at the same time.
Your skin changes colour to match your surroundings (Stealth+).
Your rubbery body absorbs attacks. (AC +1, EV +1)
((You are camouflaged when in or above water. (Stealth+)))
You have tentacles for arms and can constrict up to eight enemies at once.


Message History

You barely miss Maggie. Your grab misses Maggie.
Maggie is severely wounded.
Maggie hits you with a +0 scimitar of flaming.
You hit Maggie but do no damage. You grab Maggie.
Maggie is severely wounded.
You constrict Maggie, but do no damage. Maggie gestures at you while chanting.
The bolt of fire misses you.
You hit Maggie but do no damage. You squeeze Maggie, but do no damage.
Maggie is severely wounded.
You constrict Maggie, but do no damage.
Maggie hits you with a +0 scimitar of flaming!
Maggie burns you.
You barely miss Maggie.
Maggie is severely wounded.
You constrict Maggie, but do no damage. Maggie closely misses you.
You completely miss Maggie.
Maggie is severely wounded.
You constrict Maggie. Maggie barely misses you.
You barely miss Maggie. You squeeze Maggie.
Maggie is severely wounded.
You constrict Maggie, but do no damage.
Maggie hits you with a +0 scimitar of flaming!
You barely miss Maggie. Your squeeze misses Maggie.
Maggie is severely wounded.
You constrict Maggie. Maggie barely misses you.
You hit Maggie. You freeze Maggie.
Maggie is almost dead.
You constrict Maggie, but do no damage. Maggie casts a spell at you.
The bolt of fire hits you! You resist.
* * * LOW HITPOINT WARNING * * *
Casting: Scorch (safe; 1% risk of failure)
Confirm with . or Enter, or press ? or * to list all spells.
Okay, then.
You hit Maggie but do no damage. You squeeze Maggie.
Maggie is almost dead.
You constrict Maggie, but do no damage.
Maggie hits you with a +0 scimitar of flaming!
You die...

.........# #.# ########.# #.#
#.# #.# #.####### #.# #.##....#
#.# #.##....# #.# #.##....# #.#
########.##....#############.###
................@@..........>..#
########.##########.._...###.#.#
.......@.......h.....8.......#.#
####### ##...#####[._..#.##.#.#
..(..............##.#.# .
###.....##....###.#.##
####..####### #.#... ###### #.#
#..# #.#### ♣#....# #.########.#
#.#


You could see Maggie (mesmerising, combustible).

Vanquished Creatures
  Eustachio (D:6)
  A black bear (D:5)
  A phantom (D:5)
  A bullfrog (D:6)
  2 howler monkeys
  3 hounds
  A gnoll bouda (D:4)
  3 jellies
  3 iguanas
  Jessica (D:3)
  14 adders
  A shadow imp (D:5)
  A white imp (D:6)
  3 ufetubi
  2 worms (D:2)
  5 dart slugs
  6 orcs
  9 ball pythons
  5 bats
  6 endoplasms
  4 giant cockroaches
  7 goblins
  7 hobgoblins
  7 jackals
  4 quokkas
  3 frilled lizards
  11 kobolds
  4 rats
116 creatures vanquished.

Vanquished Creatures (others)
  433 foxfires
433 creatures vanquished.

Grand Total: 549 creatures vanquished

Notes
Turn   | Place    | Note
-------+----------+-------------------------------------------
     0 | D:1      | kingofthe the Octopode Fire Elementalist began the quest
                  | for the Orb.
     0 | D:1      | Reached XP level 1. HP: 11/11 MP: 3/3
   220 | D:1      | Reached XP level 2. HP: 17/17 MP: 1/5
   315 | D:1      | Reached skill level 3 in Stealth
   626 | D:1      | Learned a level 2 spell: Scorch
   678 | D:1      | Reached XP level 3. HP: 21/21 MP: 0/6
  1051 | D:1      | Found Radi's Distillery.
  1059 | D:1      | Bought a potion of heal wounds for 70 gold pieces
  1631 | D:2      | Reached XP level 4. HP: 20/27 MP: 3/7
  1998 | D:2      | Found a faded altar of an unknown god.
  2418 | D:2      | Reached XP level 5. HP: 31/31 MP: 3/8
  2835 | D:3      | Noticed Jessica
  2839 | D:3      | Killed Jessica
  2840 | D:3      | Reached skill level 4 in Stealth
  3101 | D:3      | Found a snail-covered altar of Cheibriados.
  3210 | D:3      | Reached XP level 6. HP: 36/36 MP: 5/10
  4164 | D:4      | Got the Almanac of the Discontinuous Dragon
  4726 | D:5      | Entered Level 5 of the Dungeon
  4732 | D:5      | Reached XP level 7. HP: 41/41 MP: 6/11
  4853 | D:5      | Reached skill level 5 in Stealth
  4866 | D:5      | Noticed a +0 dagger
  4866 | D:5      | Noticed a +0 hand axe
  5048 | D:5      | Found a hide-covered altar of Uskayaw.
  5092 | D:5      | Learned a level 1 spell: Slow
  5105 | D:5      | Identified the ring "Wuelouv" {Wiz rF+ Str+3 Dex+2}
  5138 | D:5      | Found a shadowy altar of Dithmenos.
  5199 | D:5      | Found a staircase to the Ecumenical Temple.
  5205 | D:5      | Reached skill level 5 in Dodging
  5222 | Temple   | Entered the Ecumenical Temple
  5229 | Temple   | Became a worshipper of Sif Muna the Loreminder
  5392 | D:5      | Learned a level 2 spell: Poisonous Vapours
  5671 | D:6      | Found a hazy altar of Hepliaklqana.
  5782 | D:6      | Found a broken altar of Ashenzari.
  5783 | D:6      | Found a glowing silver altar of Zin.
  5805 | D:6      | Reached skill level 1 in Hexes
  5918 | D:6      | Found a burning altar of Makhleb.
  5966 | D:6      | Noticed Eustachio
  5984 | D:6      | Killed Eustachio
  5985 | D:6      | Reached XP level 8. HP: 44/46 MP: 3/13
  6259 | D:6      | Reached skill level 6 in Stealth
  6479 | D:6      | Noticed Maggie
  6811 | D:6      | Mangled by Maggie

Illustrated notes

Levels and vault maps discovered:
D:1:      dpeg_arrival_signposts, layout_rooms, serial_shops,
          nicolae_shop_hallway_plus
D:2:      layout_loops_cross, dilly_ecumenical_altar_fadedgnrine,
          minmay_pentomino_z2
D:3:      layout_rooms, kennysheep_slug_shrine, kennysheep_jessica_study
D:4:      kb_forest_paths, layout_basic, roderic_cross_of_infinity
D:5:      layout_gridville, dancing_weapons_uskayaw, grunt_dithmenos_shadows,
          minmay_temple_entry_offerings
D:6:      layout_basic, mainiacjoe_overflow_boulevard, lightli_temple_of_fire,
          chequers_temple_overflow_statue_of_worship,
          kennysheep_generic_room_10, uniq_maggie, uniq_eustachio
Temple:   compressed_dpeg_circular_temple

Skill      XL: |  1  2  3  4  5  6  7  8 |
---------------+-------------------------+-----
Stealth        | 3 4 5 6 |  6.0
Dodging        | 3 4 5 |  5.4
Conjurations   | 2 3 |  3.1
Spellcasting   | 3 |  3.9
Fire Magic     | 4 |  4.9
Hexes          | 1 |  1.9

Action                     |  1- 3 |  4- 6 |  7- 9 || total
---------------------------+-------+-------+-------++-------
  Melee: Unarmed           |     6 |     6 |       ||    12
         Constrict         |     5 |     4 |     4 ||    13
         Punch             |     2 |       |     1 ||     3
         Tentacles         |       |     3 |     5 ||     8
         Dagger            |       |     5 |    17 ||    22
   Cast: Foxfire           |    83 |   123 |    34 ||   240
         Scorch            |       |    17 |    20 ||    37
         Poisonous Vapours |       |       |     5 ||     5
   Stab: Sleeping          |       |     1 |       ||     1
 Armour: Skin              |     3 |     1 |     2 ||     6
  Dodge: Dodged            |    18 |    16 |    12 ||    46

Table legend: (Time is in decaauts)
 A = Elapsed time spent in this place.
 B = Non-inter-level travel time spent in this place.
 C = Inter-level travel time spent in this place.
 D = Time resting spent in this place.
 E = Time spent auto-exploring this place.
 F = Levels seen in this place.
 G = Mean time per level.
                   A        B        C        D        E       F      G
               +--------+--------+--------+--------+--------+-----+--------+
         Total |   6810 |   6377 |    433 |    214 |   5357 |   7 |  972.9 |
       Dungeon |   6669 |   6270 |    399 |    214 |   5265 |   6 | 1111.5 |
        Temple |    140 |    106 |     34 |      0 |     92 |   1 |  140.0 |
               +--------+--------+--------+--------+--------+-----+--------+

Top non-repeatable levels by time:
     D:4: 1342 daAuts
     D:1: 1326 daAuts
     D:2: 1254 daAuts
     D:6: 1145 daAuts
     D:3: 911 daAuts
     D:5: 690 daAuts
  Temple: 140 daAuts
